 Dungeon Crawl Stone Soup version 0.29.1-15-g9cfb28693d (webtiles) character file.

Game seed: 14184130159341596771

793 Peloso the Slasher (level 7, -7/62 HPs)
             Began as a Minotaur Fighter on Apr 15, 2023.
             Mangled by an ogre
             ... wielding a +0 giant club
              (15 damage)
             ... on level 5 of the Dungeon.
             The game lasted 00:04:48 (4906 turns).

Peloso the Slasher (Minotaur Fighter)               Turns: 4906, Time: 00:04:49

Health: -7/62      AC: 10    Str: 21    XL:     7   Next: 57%
Magic:  6/6        EV:  7    Int:  5    God:
Gold:   214        SH:  5    Dex: 11    Spells: 6/6 levels left

rFire   . . .      SeeInvis .   a - +0 long sword
rCold   . . .      Faith    .   d - +0 buckler
rNeg    + . .      Spirit   .   c - +0 chain mail
rPois   .          Reflect  .   (helmet restricted)
rElec   .          Harm     .   (no cloak)
rCorr   .          Rampage  .   (no gloves)
Will    .....                   (no boots)
Stlth   ..........              (no amulet)
HPRegen 0.20/turn               g - ring of positive energy
MPRegen 0.10/turn               (no ring)

@: no status effects
A: horns 2, retaliatory headbutt
a: no special abilities


You were on level 5 of the Dungeon.
You visited 1 branch of the dungeon, and saw 5 of its levels.

You collected 214 gold pieces.

Inventory:

Hand Weapons
 a - a +0 long sword (weapon)
Armour
 b - a +0 scale mail
 c - a +0 chain mail (worn)
 d - a +0 buckler (worn)
Jewellery
 g - a ring of positive energy (left hand)
 l - an amulet of guardian spirit
 t - a ring of flight
Scrolls
 f - a scroll of summoning {unknown}
 i - a scroll of amnesia {unknown}
 j - 3 scrolls of identify {unknown}
 k - 3 scrolls of teleportation {unknown}
 o - 3 scrolls of blinking {unknown}
 q - a scroll of vulnerability {unknown}
 u - a scroll of poison {unknown}
Potions
 e - a potion of haste {unknown}
 h - 3 potions of might
 m - a potion of mutation {unknown}
 n - 2 potions of ambrosia {unknown}
 p - a potion of brilliance {unknown}
 r - a potion of heal wounds {unknown}
 s - a potion of attraction {unknown}


   Skills:
 + Level 5.8 Fighting
 + Level 6.9 Long Blades
 + Level 6.0 Armour
 + Level 1.1 Dodging
 + Level 0.2 Stealth
 + Level 5.0 Shields


You had 6 spell levels left.
You didn't know any spells.
Your spell library contained the following spells:

 Spells                   Type           Power      Damage    Failure   Level
 Ensorcelled Hibernation  Hex/Ice        0%         N/A       100%        2
 Passwall                 Tmut/Erth      0%         N/A       100%        2
 Swiftness                Air            0%         N/A       100%        3


Dungeon Overview and Level Annotations

Branches:
Dungeon (5/15)
 Temple: D:4-7

Altars:

Annotations:
D:4 1 runed translucent door, Crazy Yiuf


Innate Abilities, Weirdness & Mutations

You have a pair of horns on your head.
You reflexively headbutt those who attack you in melee.


Message History

You kill the iguana!
You see here an iguana corpse.
HP restored.
Found 6 stones.
k - 3 scrolls labelled WUUTICSODD (gained 1)
You see here 6 stones.
o - 3 scrolls labelled QAIWEA VAZO (gained 1)
There is a stone staircase leading down here.
There is a stone staircase leading up here.
u - a scroll labelled MUN RYSOTHEBRY
Found 2 stones.
You see here 2 stones.
Found a stone staircase leading down.
Found a stone staircase leading up.
You see here a +2 kite shield.
An ogre comes into view. It is wielding a +0 giant club.
The ogre shouts!
You hit the ogre. You headbutt the ogre.
The ogre is lightly wounded.
The ogre hits you with a +0 giant club!!
You hit the ogre.
You headbutt the ogre, but do no damage.
The ogre is moderately wounded.
The ogre barely misses you.
You slash the ogre!
The ogre is heavily wounded.
You slash the ogre!
The ogre is severely wounded.
The ogre hits you with a +0 giant club!
You hit the ogre. Your headbutt misses the ogre.
The ogre is almost dead.
The ogre hits you with a +0 giant club!!
* * * LOW HITPOINT WARNING * * *
You barely miss the ogre.
The ogre is almost dead.
The ogre completely misses you.
You hit the ogre.
The ogre is almost dead.
The ogre hits you with a +0 giant club!
You die...

##.#.# .##.#.#
......######
#.#.#......#
..#.##.###># #
#........# ###...####
#####...# ########
........# #.@O...#
######..#######.####.#
.....[...#...#.......#
#####.#.........######
#...<.......#
#####.####....#
#...#.........#
#.#.####......#
###.#....#..#.#.#


You could see an ogre.

Vanquished Creatures
  Grinder (D:4)
  Menkaure (D:4)
  A centaur (D:3)
  A phantom (D:4)
  A hound (D:4)
  A gnoll bouda (D:4)
  A jelly (D:4)
  An iguana (D:5)
  An orc wizard (D:4)
  4 adders
  8 gnolls (D:4)
  3 worms
  6 dart slugs
  6 orcs
  6 ball pythons
  4 endoplasms
  2 giant cockroaches
  6 goblins
  4 hobgoblins
  4 kobolds
  6 bats
  2 frilled lizards
  2 rats
  A bush (D:2)
73 creatures vanquished.

Vanquished Creatures (others)
  A plant (D:2)
1 creature vanquished.

Grand Total: 74 creatures vanquished

Notes
Turn   | Place    | Note
-------+----------+-------------------------------------------
     0 | D:1      | Peloso the Minotaur Fighter began the quest for the Orb.
     0 | D:1      | Reached XP level 1. HP: 19/19 MP: 0/0
   198 | D:1      | Reached XP level 2. HP: 25/27 MP: 1/1
  1007 | D:2      | Reached XP level 3. HP: 17/33 MP: 2/2
  1598 | D:2      | Found a faded altar of an unknown god.
  2049 | D:3      | Noticed a centaur
  2062 | D:3      | Killed a centaur
  2063 | D:3      | Reached XP level 4. HP: 15/40 MP: 3/3
  2063 | D:3      | Reached XP level 5. HP: 17/46 MP: 4/4
  2420 | D:3      | Identified the +8 hand axe of the Mashing Dove {vorpal,
                  | Will- Str+4 Dex+6}
  3119 | D:4      | Noticed a phantom
  3125 | D:4      | Killed a phantom
  3126 | D:4      | Reached skill level 5 in Long Blades
  3126 | D:4      | Reached skill level 5 in Armour
  3281 | D:4      | Noticed Menkaure
  3286 | D:4      | Killed Menkaure
  3287 | D:4      | Reached XP level 6. HP: 43/55 MP: 5/5
  3392 | D:4      | Reached skill level 5 in Fighting
  3610 | D:4      | Noticed Grinder
  3613 | D:4      | Paralysed by Grinder for 4 turns
  3651 | D:4      | Killed Grinder
  3652 | D:4      | Reached skill level 5 in Shields
  3652 | D:4      | Reached XP level 7. HP: 21/61 MP: 6/6
  3862 | D:4      | Reached skill level 1 in Dodging
  4453 | D:4      | Found a runed translucent door.
  4454 | D:4      | Noticed Crazy Yiuf
  4694 | D:5      | Entered Level 5 of the Dungeon
  4906 | D:5      | Mangled by an ogre

Illustrated notes

Levels and vault maps discovered:
D:1:      eino_arrival_druids_welcome, layout_basic, glass_columns_b,
          skrybe_limestone_x, minmay_misc_feat_doors, roderic_lattice_a
D:2:      layout_basic, hellmonk_ecumenical_altar_inner_sanctum, serial_forest,
          infiniplex_forest_end_2, infiniplex_forest_clump_medium,
          infiniplex_forest_end_1, infiniplex_forest_straight_4,
          infiniplex_forest_zigzag_2, kennysheep_generic_room_10
D:3:      layout_basic
D:4:      layout_loops_cross, uniq_crazy_yiuf_cottage, uniq_grinder,
          uniq_menkaure
D:5:      layout_basic, nicolae_qazlal_scattered_showers

Skill      XL: |  1  2  3  4  5  6  7 |
---------------+----------------------+-----
Shields        | 4 5 |  5.0
Armour         | 4 5 6 |  6.0
Long Blades    | 3 4 5 6 |  6.9
Fighting       | 4 5 |  5.8
Dodging        | 1 |  1.1
Stealth        | |  0.2

Action                   |  1- 3 |  4- 6 |  7- 9 || total
-------------------------+-------+-------+-------++-------
Melee: Long sword        |   145 |    72 |    66 ||   283
       Headbutt          |    48 |    13 |    14 ||    75
  Use: Potion            |     2 |       |       ||     2
Armor: Scale mail        |     2 |       |       ||     2
       Chain mail        |    38 |    27 |    26 ||    91
Dodge: Dodged            |    32 |    12 |    13 ||    57
Block: Buckler           |    17 |    11 |    14 ||    42
